 Dungeon Crawl Stone Soup version 0.17.1-3-g152610e (webtiles) character file.

8 ololoev the Skirmisher (level 2, -4/24 HPs)
             Began as a Demonspawn Fighter on Mar 22, 2016.
             Killed from afar by an orc wizard (9 damage)
             ... with a magic dart
             ... on level 3 of the Dungeon.
             The game lasted 00:01:03 (133 turns).

ololoev the Skirmisher (Demonspawn Fighter)          Turns: 133, Time: 00:01:03

Health: -4/24      AC:  6    Str: 21    XL:     2   Next: 0%
Magic:  2/2        EV:  7    Int:  9    God:
Gold:   0          SH:  9    Dex: 12    Spells: 0 memorised, 1 level left

rFire  . . .     SeeInvis .     a - +0 war axe
rCold  . . .     Clarity  .     b - +0 scale mail
rNeg   . . .     SustAt   .     c - +0 shield
rPois  .         Gourm    .     (no helmet)
rElec  .         Spirit   .     (no cloak)
rCorr  .         Warding  .     (no gloves)
rMut   .         Stasis   .     (no boots)
MR     .....                    (no amulet)
Stlth  ..........               (no ring)
                                (no ring)

@: mighty, not resistant to hostile enchantments, extremely unstealthy
A: hooves 1
a: no special abilities


Innate Abilities, Weirdness & Mutations

You have large cloven feet.

Inventory:

Hand Weapons
 a - a +0 war axe (weapon)
Armour
 b - a +0 scale mail (worn)
 c - a +0 shield (worn)
Wands
 j - a wand of polymorph (10)
Scrolls
 f - a scroll of teleportation {unknown}
 h - a scroll of remove curse {unknown}
 i - a scroll of identify {unknown}
Potions
 g - a potion of cure mutation
Comestibles
 e - 2 bread rations


   Skills:
 - Level 3.0 Fighting
 * Level 2.2 Axes
 + Level 2.8 Armour
 - Level 2.6 Shields


You had one spell level left.
You didn't know any spells.


You were on level 3 of the Dungeon.
You were not hungry.

You visited 1 branch of the dungeon, and saw 3 of its levels.

#.....<....#
#..........# ####
##.#....#### ....#
#..#....# .....
###.##....#
<.....##.....##.##
..<...#.......#.#
......g.(.......#
.....oo@.........#
....o.#............
.....
##.....##..... ..K.
####### ...## #(#
..#. .

Notes
Turn   | Place    | Note
--------------------------------------------------------------
     0 | D:1      | ololoev the Demonspawn Fighter began the quest for the Orb.
     0 | D:1      | Reached XP level 1. HP: 18/18 MP: 1/1
   127 | D:3      | Noticed an orc wizard
   128 | D:3      | Noticed an orc priest
   129 | D:3      | Noticed an orc wizard
   130 | D:3      | an orc priest changed into a gnoll
   133 | D:3      | Gained mutation: You have large cloven feet. [demonic ancestry]
   133 | D:3      | Reached XP level 2. HP: 5/24 MP: 2/2
   133 | D:3      | Killed from afar by an orc wizard

Dungeon Overview and Level Annotations

Branches:
Dungeon (3/15)

Altars:


Message History

i - a scroll labeled DUINTE CIFI
Found a lead wand.
Found 17 arrows.
j - a wand of polymorph An orc wizard comes into view.
It is wielding a dagger.
The orc wizard shouts!
Found a stone staircase leading up.
An orc and an orc priest come into view.
The orc shouts!
The orc priest calls down the wrath of Beogh upon you.
Something smites you!
Ouch! That really hurt!
An orc and an orc wizard come into view.
The orc shouts!
The orc wizard shouts!
The orc priest looks braver for a moment.
Found 13 stones.
Found a stone staircase leading up.
Evoke which item? (* to show all) (? for menu, Esc to quit)
Zapping:
j - a wand of polymorph (will waste charges)
Press: ? - help, Shift-Dir - straight line, f - orc priest
Aim: an orc priest, wielding a dagger and wearing a leather armour (chance to defeat MR: 46%)
The orc priest evaporates and reforms as a gnoll!
Evoking this partially-identified wand wasted a few charges.
A kobold comes into view. It is wielding a dagger of flaming.
Drink which item? (? for menu, Esc to quit)
It was a potion of cure mutation.
It has a very clean taste.
The kobold shouts!
The kobold throws a stone.
The stone hits you but does no damage.
Drink which item? (? for menu, Esc to quit)
You feel very mighty all of a sudden.
The kobold moves out of view.
The orc wizard casts a spell.
The orc wizard seems to speed up.
The orc barely misses you.
You slash the orc!
You kill the orc!
You have reached level 2!
Your demonic ancestry asserts itself...
Your feet thicken and deform.
The orc wizard points at you and mumbles some strange words.
The magic dart hits you!
You die...

You could see 2 orc wizards, a gnoll, an orc and a kobold.

Vanquished Creatures
  An orc (D:3)
  A giant cockroach (D:2)
  2 goblins
  A ball python (D:2)
  2 rats
7 creatures vanquished.

Action                   || total
-------------------------++-------
Melee: War axe           ||    11
Evoke: Wand              ||     1
  Use: Potion            ||     2

Vault maps used:
D:1:      dpeg_arrival_arbitrary_b
D:2:      grunt_temple_overflow_growth_and_decay, first_bread, st_stairs_13
D:3:      grunt_temple_overflow_open, dk_noncrumbling_2, uniq_robin
